Map: Eternal Empire LE

Players

YoutubeTY (TY)

  • Race: Terran Terran
  • League: Master
  • Spawn Location: 7:00

Reynor - Winner!

  • Race: Zerg Zerg
  • Spawn Location: 1:00

Event: War Chest Team League

VOD

Have the link to the VOD?

Description

Time

  • Played on: Aug. 2, 2020, 10:54 a.m.
  • Length: 16:45
Show
View Real Time Build Order
Export as new Build Order

YoutubeTY Terran 

Build Orders: Reaper Expand 

Get SALT Encoding   

  12  0:00  SCV  
  13  0:12  SCV  
  14  0:17  Supply Depot  
  14  0:24  SCV  
  15  0:38  SCV  
  15  0:40  Barracks  
  16  0:43  Refinery  
  16  0:51  SCV  
  17  1:03  SCV  
  18  1:15  SCV  
  19  1:27  Reaper  
  19  1:28  Orbital Command  
  20  1:40  Command Center  
  20  1:51  Supply Depot  
  21  1:54  SCV  
  21  1:58  Marine  
  22  2:06  Factory  
  22  2:10  SCV  
  23  2:22  Barracks Reactor, SCV  
  24  2:34  SCV  
  25  2:46  SCV, Command Center  
  26  2:52  Orbital Command  
  26  2:58  SCV  
  26  3:02  Hellion  
  29  3:06  Hellion  
  29  3:09  Barracks Tech Lab  
  29  3:11  SCV  
  32  3:17  Barracks  
  32  3:19  SCV  
  33  3:23  SCV  
  34  3:27  Hellion  
  34  3:30  Hellion  
  38  3:34  Stimpack  
  38  3:35  SCV  
  38  3:37  SCV  
  38  3:39  Marine  
  41  3:47  SCV, Refinery  
  42  3:49  SCV  
  42  3:54  Starport  
  43  3:57  Marine  
  43  3:59  SCV  
  46  4:05  Factory Reactor, Refinery  
  46  4:08  SCV  
  46  4:09  Orbital Command  
  46  4:11  SCV  
  46  4:12  Marine  
  46  4:14  Marine  
  46  4:15  Marine  
  50  4:20  SCV  
  50  4:23  SCV  
  52  4:28  Supply Depot  
  52  4:30  Marine  
  53  4:32  Marine  
  53  4:33  SCV, Orbital Command, Marine  
  56  4:40  SCV  
  56  4:44  Supply Depot  
  57  4:45  Medivac  
  57  4:46  Medivac  
  57  4:50  SCV, Marine x2  
  57  4:51  Hellion  
  57  4:52  SCV  
  67  4:54  Armory  
  67  4:55  Marine  
  67  4:59  SCV  
  69  5:07  Marine x2  
  69  5:08  SCV x2  
  69  5:12  SCV  
  74  5:14  Combat Shield  
  74  5:15  Supply Depot  
  74  5:18  Marine  
  74  5:20  SCV x2  
  77  5:28  Medivac, Marine, Hellion x2  
  84  5:29  SCV  
  85  5:36  Marine x2  
  85  5:37  SCV x2  
  85  5:40  Supply Depot  
  85  5:41  SCV  
  85  5:42  Supply Depot  
  90  5:49  SCV  
  93  5:50  Hellion  
  93  5:56  Hellion  
  93  5:59  Marine x2  
  93  6:01  Medivac  
  93  6:03  Marine  
  86  6:11  Hellion  
  86  6:12  Factory  
  86  6:13  Factory  
  86  6:15  SCV x3  
  86  6:17  Hellion  
  87  6:25  Terran Vehicle And Ship Armor Level 1  
  87  6:27  SCV x2  
  87  6:32  Hellion, Engineering Bay  
  89  6:33  SCV, Refinery x2  
  89  6:39  SCV, Hellion  
  94  6:40  SCV  
  94  6:47  SCV, Engineering Bay  
  95  6:51  SCV  
  96  6:54  Hellion  
  96  6:57  Factory Tech Lab x2  
  96  7:00  Hellion  
  100  7:01  Missile Turret  
  100  7:02  SCV x2, Missile Turret  
  100  7:03  Refinery, Missile Turret  
  100  7:04  Factory  
  100  7:06  Factory  
  100  7:14  Missile Turret  
  100  7:21  Thor  
  104  7:22  Command Center  
  104  7:27  Thor  
  109  7:33  Starport Reactor  
  109  7:39  Supply Depot x3  
  109  7:40  SCV, Supply Depot  
  109  7:41  Infernal Pre-Igniter  
  109  7:49  SCV  
  108  7:52  SCV, Hellion  
  109  7:59  Bunker  
  109  8:03  SCV x2, Hellion, Thor  
  109  8:05  SCV  
  118  8:09  Hellion x3  
  124  8:17  Thor  
  129  8:31  Thor  
  132  8:42  Hellion  
  132  8:46  Thor  
  126  8:52  SCV x3  
  109  8:59  Terran Vehicle And Ship Armor Level 2  
  109  9:00  Thor  
  107  9:03  Hellion  
  107  9:04  Hellion  
  107  9:06  Hellion x2  
  107  9:08  SCV x3, Missile Turret  
  107  9:09  Missile Turret  
  118  9:12  Missile Turret  
  118  9:20  SCV x3, Missile Turret  
  118  9:26  Missile Turret  
  118  9:32  Armory, SCV x2, Widow Mine x3  
  118  9:37  SCV  
  126  9:41  Hellion x2  
  129  9:56  SCV  
  129  9:57  SCV  
  131  10:00  Planetary Fortress  
  131  10:02  SCV  
  131  10:04  Hellion x2  
  140  10:07  Hellion x2  
  140  10:09  SCV x2  
  140  10:11  Sensor Tower  
  140  10:12  Cyclone x2  
  140  10:14  Drilling Claws  
  140  10:19  SCV  
  140  10:21  SCV  
  138  10:23  Terran Vehicle Weapons Level 1  
  138  10:25  Missile Turret  
  138  10:27  Sensor Tower  
  137  10:29  Hellion x2  
  137  10:32  SCV x2  
  137  10:34  SCV  
  144  10:36  Hellion x2  
  144  10:40  SCV  
  144  10:41  Unknown  
  150  10:42  Cyclone  
  150  10:44  Hellion  
  152  10:52  SCV, Refinery  
  155  10:57  Hellion  
  155  10:59  Supply Depot  
  155  11:00  Factory x2  
  155  11:04  Hellion x6  
  154  11:14  Widow Mine  
  156  11:20  Supply Depot, Cyclone x2  
  156  11:21  Hellion, Supply Depot x2  
  156  11:22  Supply Depot  
  164  11:26  Cyclone  
  164  11:27  SCV  
  164  11:28  Missile Turret  
  164  11:32  SCV x2  
  141  11:43  SCV  
  126  11:49  SCV  
  126  11:52  Cyclone  
  105  11:55  SCV  
  105  11:56  Hellion x2  
  105  11:57  Hellion  
  105  11:58  Factory Tech Lab x2  
  110  12:01  SCV  
  110  12:04  Command Center  
  110  12:07  SCV  
  111  12:10  SCV  
  111  12:13  SCV  
  111  12:14  Thor x2  
  125  12:17  Hellion  
  125  12:19  SCV  
  125  12:21  Hellion  
  125  12:22  SCV  
  131  12:25  SCV  
  131  12:29  Hellion x3  
  133  12:42  Cyclone, Missile Turret, Widow Mine x2  
  140  12:46  Mag-Field Accelerator  
  140  13:01  Terran Vehicle Weapons Level 2  
  140  13:02  Terran Vehicle And Ship Armor Level 3  
  131  13:06  Cyclone x2  
  131  13:07  Widow Mine x3  
  131  13:09  SCV x3  
  146  13:18  Missile Turret x2  
  146  13:20  Widow Mine x2  
  150  13:30  Cyclone x2  
  150  13:36  Widow Mine x3  
  138  13:49  Hellion x2  
  140  13:59  Cyclone x2  
  112  14:04  Hellion x4  
  112  14:05  Hellion  
  112  14:07  Liberator x2  
  112  14:08  Orbital Command  
  126  14:11  Hellion  
  126  14:15  Cyclone  
  131  14:27  Cyclone x2  
  131  14:28  Hellion  
  131  14:30  Hellion  
  138  14:31  Cyclone  
  138  14:38  Hellion x2  
  145  14:44  Cyclone  
  138  14:47  Cyclone, Orbital Command  
  138  14:49  Hellion  
  138  14:51  Hellion, Liberator  
  114  15:01  Thor  
  114  15:03  Hellion  
  116  15:08  Hellion x2  
  116  15:13  Widow Mine x2  
  111  15:26  Thor  
  117  15:36  Hellion x2  
  117  15:49  SCV  
  99  15:55  Hellion  
  97  16:01  Hellion  
  94  16:07  Hellion x2  
Show
View Real Time Build Order
Export as new Build Order

Reynor Zerg - Winner!

Build Orders: Hatch First, Muta Ling Bane 

Get SALT Encoding   

  12  0:00  Drone  
  13  0:12  Overlord  
  13  0:17  Drone  
  14  0:31  Drone x2  
  16  0:49  Hatchery  
  15  0:52  Drone  
  15  0:56  Drone  
  17  0:59  Drone  
  18  1:10  Extractor  
  17  1:15  Spawning Pool  
  17  1:18  Drone  
  17  1:22  Drone  
  18  1:28  Drone  
  19  1:39  Drone  
  20  1:50  Overlord  
  20  2:02  Queen x2  
  20  2:03  Zergling x4  
  26  2:11  Drone  
  26  2:12  Drone  
  28  2:18  Metabolic Boost  
  29  2:22  Drone  
  29  2:23  Drone  
  30  2:34  Drone x2  
  32  2:38  Queen  
  32  2:42  Queen  
  36  2:47  Overlord  
  36  2:58  Overlord  
  36  3:05  Drone x4  
  40  3:11  Drone x3  
  43  3:13  Drone  
  43  3:17  Drone x3  
  47  3:27  Drone  
  48  3:28  Overlord  
  48  3:37  Hatchery  
  48  3:40  Lair  
  47  3:44  Drone x3  
  50  3:49  Drone x3  
  50  3:51  Extractor  
  50  3:52  Extractor  
  50  3:55  Drone x2  
  53  3:56  Drone  
  54  4:02  Baneling Nest  
  54  4:04  Queen  
  54  4:07  Zergling x2  
  54  4:08  Zergling x2  
  57  4:14  Drone x2  
  59  4:18  Zergling x2  
  59  4:22  Overlord  
  60  4:24  Spore Crawler, Extractor  
  60  4:29  Drone  
  59  4:31  Spore Crawler  
  59  4:36  Drone x2  
  59  4:37  Overlord  
  60  4:40  Overseer, Spire  
  60  4:44  Drone x3  
  60  4:45  Drone  
  62  4:47  Drone  
  62  4:50  Drone  
  64  4:53  Zergling x6  
  64  4:55  Drone  
  68  5:00  Drone x2  
  68  5:06  Drone  
  71  5:08  Drone  
  71  5:11  Drone  
  73  5:14  Drone  
  73  5:15  Drone x2  
  73  5:18  Overlord  
  73  5:19  Drone  
  77  5:22  Drone  
  77  5:23  Queen, Drone  
  81  5:32  Overlord, Extractor  
  81  5:33  Extractor  
  81  5:35  Overlord  
  79  5:40  Drone x2  
  81  5:46  Zergling x16  
  81  5:47  Overlord  
  89  5:50  Baneling x3  
  89  5:52  Baneling  
  89  5:54  Zergling x4  
  89  5:55  Zergling x4  
  86  5:59  Zergling x2  
  77  6:06  Drone x3  
  76  6:12  Zergling x2  
  76  6:16  Drone x2  
  76  6:17  Zerg Flyer Weapons Level 1  
  81  6:18  Centrifical Hooks  
  81  6:25  Mutalisk x2  
  81  6:26  Mutalisk x2  
  81  6:29  Mutalisk  
  81  6:31  Baneling x3  
  91  6:32  Mutalisk  
  91  6:38  Mutalisk x2  
  97  6:42  Drone  
  97  6:46  Baneling x2  
  96  6:48  Drone x2  
  96  6:50  Evolution Chamber, Baneling x4  
  96  6:51  Zergling x2, Evolution Chamber  
  97  6:57  Overlord  
  97  6:58  Zergling x6  
  97  6:59  Drone  
  101  7:04  Mutalisk  
  101  7:07  Mutalisk  
  105  7:11  Mutalisk  
  107  7:16  Drone  
  107  7:17  Drone  
  107  7:21  Zerg Melee Weapons Level 1, Zerg Ground Armor Level 1  
  109  7:23  Drone x2  
  109  7:24  Drone  
  109  7:27  Drone  
  113  7:31  Drone x4  
  113  7:32  Drone  
  113  7:34  Hatchery  
  117  7:39  Mutalisk x2  
  117  7:41  Overlord  
  117  7:43  Drone  
  122  7:45  Overlord  
  122  7:54  Pneumatized Carapace  
  122  7:59  Overlord  
  122  8:00  Mutalisk x3  
  122  8:01  Mutalisk  
  130  8:06  Baneling x3  
  130  8:07  Baneling  
  130  8:09  Drone x6  
  130  8:10  Drone x2  
  138  8:13  Overlord  
  138  8:18  Drone x2  
  138  8:19  Drone  
  141  8:23  Mutalisk x2  
  144  8:31  Baneling x3  
  144  8:32  Zergling x8  
  144  8:33  Mutalisk  
  149  8:36  Overlord  
  146  8:43  Mutalisk x2  
  136  8:48  Zergling x12  
  136  8:51  Mutalisk  
  135  8:56  Drone  
  135  8:59  Mutalisk  
  138  9:03  Zergling x18  
  138  9:09  Extractor  
  146  9:10  Mutalisk x2  
  146  9:13  Baneling x3  
  146  9:14  Extractor, Baneling  
  146  9:16  Zergling x6  
  152  9:21  Mutalisk  
  152  9:25  Drone x2  
  152  9:26  Queen  
  152  9:27  Hatchery  
  155  9:31  Zergling x8  
  155  9:32  Zergling x4  
  158  9:39  Overlord  
  151  9:47  Mutalisk x4  
  151  9:51  Zergling x2  
  151  9:52  Zergling x8  
  150  9:53  Baneling x5  
  145  10:00  Mutalisk  
  145  10:01  Drone x3  
  145  10:02  Queen  
  145  10:06  Mutalisk  
  152  10:10  Zergling x12  
  158  10:16  Overlord  
  156  10:22  Drone x2  
  156  10:23  Zerg Melee Weapons Level 2, Drone  
  156  10:28  Zerg Flyer Armor Level 1  
  159  10:29  Mutalisk  
  159  10:31  Zergling x4  
  159  10:32  Zergling x8  
  168  10:35  Drone x3  
  168  10:38  Overlord  
  168  10:40  Baneling x6  
  170  10:43  Drone x3  
  170  10:45  Mutalisk x2  
  177  10:52  Infestation Pit  
  177  10:53  Zergling x6  
  177  10:54  Zergling x2  
  179  10:57  Mutalisk  
  179  11:00  Unknown  
  178  11:05  Overlord  
  178  11:08  Drone x8  
  185  11:15  Baneling x12  
  185  11:16  Baneling x6  
  185  11:19  Hatchery  
  183  11:25  Zergling x14  
  183  11:26  Zergling x10  
  183  11:29  Overlord  
  194  11:34  Mutalisk x3  
  194  11:39  Zergling x14  
  163  11:50  Drone x9  
  163  11:51  Drone  
  162  11:55  Mutalisk x3  
  162  12:00  Baneling x10  
  168  12:02  Drone x2  
  168  12:03  Drone x2  
  168  12:06  Drone x2  
  174  12:10  Drone x3  
  174  12:12  Mutalisk  
  179  12:16  Baneling  
  179  12:17  Baneling x4  
  179  12:21  Zerg Flyer Weapons Level 2  
  179  12:27  Zergling x22  
  179  12:33  Hive  
  179  12:35  Zerg Ground Armor Level 2  
  179  12:36  Drone  
  177  12:39  Baneling x6  
  177  12:40  Baneling x2  
  177  12:44  Drone x2  
  179  12:45  Drone x5  
  179  12:46  Drone  
  179  12:48  Baneling x3  
  179  12:49  Baneling x3  
  179  12:50  Overseer  
  185  12:52  Zergling x2  
  185  12:53  Zergling x6  
  189  13:04  Zergling x2  
  189  13:05  Zergling x16  
  192  13:09  Zergling x8  
  192  13:10  Zergling x8  
  200  13:17  Baneling  
  200  13:18  Baneling x7  
  200  13:19  Zergling x8  
  199  13:32  Zergling x2  
  197  13:40  Roach Warren  
  197  13:41  Baneling x8  
  196  13:44  Zergling x12  
  196  13:47  Zergling x26  
  199  13:52  Zergling x4  
  199  13:53  Zergling x16  
  193  14:01  Mutalisk  
  193  14:02  Mutalisk x5  
  186  14:09  Queen  
  185  14:10  Mutalisk x4  
  185  14:12  Baneling x11  
  185  14:14  Zergling x8  
  197  14:20  Adrenal Glands  
  197  14:26  Mutalisk x3  
  197  14:27  Mutalisk x3  
  197  14:31  Zergling x4  
  199  14:32  Overlord  
  199  14:33  Overlord, Overseer  
  198  14:45  Mutalisk x5  
  189  14:51  Zergling x8  
  199  14:57  Zergling x6  
  199  15:04  Zergling x2  
  198  15:13  Baneling x19  
  198  15:14  Baneling x13  
  195  15:20  Zergling x40  
  193  15:38  Mutalisk x6  
  197  15:46  Baneling x10  
  194  15:55  Extractor  
  194  15:57  Zergling x16, Extractor  
  195  16:05  Mutalisk x2  
  195  16:08  Zergling x2  
  199  16:14  Spore Crawler  
  199  16:15  Spore Crawler  
  189  16:19  Zergling x2  
  189  16:20  Zergling x30  
Tags
 
Add a new tag
Caveats
  • Supply blocks, unpowered buildings, or Contaminate may cause inaccurate times.
  • Supply counts are checked every 10 seconds.